 Dungeon Crawl Stone Soup version 0.29.0-13-gc9e81de378 (webtiles) character file.

Game seed: 8477518667354958535

476 zoefcunningham the Chopper (level 6, -9/56 HPs)
             Began as a Minotaur Berserker on Aug 29, 2022.
             Was a Priest of Trog.
             Succumbed to a redback's poison
             ... on level 4 of the Dungeon on Sept 7, 2022.
             The game lasted 00:25:28 (4575 turns).

zoefcunningham the Chopper (Minotaur Berserker)     Turns: 4575, Time: 00:25:29

Health: -9/56      AC: 15    Str: 22    XL:     6   Next: 85%
Magic:  5/5        EV:  9    Int:  4    God:    Trog [***...]
Gold:   203        SH:  0    Dex: 11    Spells: 5/5 levels left

rFire   . . .      SeeInvis .   o - +3 quarterstaff (chaos)
rCold   . . .      Faith    .   (shield currently unavailable)
rNeg    . . .      Spirit   .   i - +0 shadow dragon scales
rPois   .          Reflect  .   (helmet restricted)
rElec   .          Harm     .   a - +0 cloak {Stlth+}
rCorr   .          Rampage  .   m - +0 pair of gloves
Will    .....                   (no boots)
Stlth   ++++......              (no amulet)
HPRegen 0.18/turn               (no ring)
MPRegen 0.09/turn               (no ring)

@: lethally poisoned (-9 -> -66)
A: horns 2, retaliatory headbutt
a: Renounce Religion, Berserk, Trog's Hand


You were on level 4 of the Dungeon.
You worshipped Trog.
Trog was most pleased with you.
You visited 1 branch of the dungeon, and saw 4 of its levels.

You collected 203 gold pieces.

Inventory:

Hand Weapons
 o - a +3 quarterstaff of chaos (weapon)
Armour
 a - a +0 cloak of stealth (worn)
 h - a +0 chain mail
 i - +0 shadow dragon scales (worn)
 m - a +0 pair of gloves (worn)
Wands
 k - a wand of flame (5)
Scrolls
 c - a scroll of poison {unknown}
 d - 4 scrolls of identify {unknown}
 f - a scroll of enchant weapon {unknown}
 g - a scroll of noise {unknown}
 j - a scroll of silence {unknown}
 l - a scroll of immolation {unknown}
 p - 2 scrolls of vulnerability {unknown}
 q - a scroll of acquirement {unknown}
Potions
 b - 2 potions of heal wounds {unknown}
 e - a potion of flight {unknown}
 n - 2 potions of magic {unknown}
 r - a potion of attraction {unknown}
 s - a potion of mutation {unknown}
 t - a potion of curing {unknown}
 u - a potion of brilliance {unknown}


   Skills:
 + Level 5.3 Fighting
 + Level 5.3(5.4) Axes
 + Level 1.0(4.0) Maces & Flails
 + Level 3.0(3.1) Staves
 + Level 4.9 Armour
 + Level 3.0 Dodging
 + Level 1.4 Stealth


You had 5 spell levels left.
You didn't know any spells.
Your spell library was empty.

Dungeon Overview and Level Annotations

Branches:
Dungeon (4/15)
 Temple: D:4-7

Altars:
Fedhas
Hepliaklqana

Annotations:
D:3 exclusion: oklob plant


Innate Abilities, Weirdness & Mutations

You have a pair of horns on your head.
You reflexively headbutt those who attack you in melee.


Message History

The helpless orc fails to defend itself.
You bludgeon the orc!!
You kill the orc!
Trog accepts your kill.
You see here a +0 dagger.
An orc wizard comes into view. It is wielding a +0 dagger.
The helpless orc wizard fails to defend itself.
You sock the orc wizard!
The orc wizard changes into a shapeshifter!
You headbutt the shapeshifter, but do no damage.
The shapeshifter is moderately wounded.
The shapeshifter changes into a hornet!
You completely miss the hornet.
The hornet changes into a redback!
You sock the redback! You headbutt the redback.
The redback is severely wounded.
The redback bites you.
You are poisoned.
The redback poisons you!
You miss the redback.
The redback is severely wounded.
You feel extremely sick. The redback closely misses you.
The redback bites you but does no damage.
You closely miss the redback.
The redback is severely wounded.
You feel extremely sick. The redback bites you!
You are more poisoned.
The redback poisons you!
The redback bites you but does no damage.
The orc shouts! x2
You thump the redback! You burn the redback.
You kill the redback!
Trog accepts your kill.
* * * LOW HITPOINT WARNING * * *
You feel extremely sick.
Your Staves skill gained 2 levels and is now at level 3!
Your Dodging skill increases to level 3!
You closely miss the orc.
You die...

## #..## ###....###.##...#####
.####...#### #####..##.##........
##...###...###...##....###.......
#.....#.###.#.....#..### ########
.#...#...#...#...#.##########
.#####...#...#####.#.#......#
.#.. #...#...#...#..........####
#.....#.###.#..oo.###..##...>..#
##...###...###..@# ##.........##
#)###.#.....#)###)# #...........#
...#...# ..#...# ..#......####...
...#...#####...# ..#.............
...#...#...#...# ..#..####.......
#.###†#.....#.## .#... #.......
##...###...###.. ##.. ####..#.
#.....#.###.# .... .. #+...
.#...#†..# ..#...#.. ##..


You could see 2 orcs.

Vanquished Creatures
  A redback (shapeshifter) (D:4)
  A hound (D:4)
  Crazy Yiuf (D:2)
  Natasha (thrice) (D:2)
  Robin (D:2)
  5 gnolls
  7 adders
  3 dart slugs
  9 orcs
  4 ball pythons
  3 endoplasms
  2 giant cockroaches
  11 hobgoblins
  4 quokkas
  3 bats
  3 frilled lizards
  14 goblins
  7 kobolds
  5 rats
87 creatures vanquished.

Vanquished Creatures (others)
  A fungus (D:2)
  A withered plant (D:1)
2 creatures vanquished.

Grand Total: 89 creatures vanquished

Notes
Turn   | Place    | Note
-------+----------+-------------------------------------------
     0 | D:1      | zoefcunningham the Minotaur Berserker began the quest for
                  | the Orb.
     0 | D:1      | Reached XP level 1. HP: 19/19 MP: 0/0
   527 | D:1      | Reached XP level 2. HP: 27/27 MP: 1/1
   573 | D:1      | Found a faded altar of an unknown god.
   984 | D:1      | Reached XP level 3. HP: 18/33 MP: 2/2
  1704 | D:2      | Noticed Natasha
  1711 | D:2      | Killed Natasha
  1711 | D:2      | Reached ** piety under Trog
  1712 | D:2      | Reached XP level 4. HP: 10/41 MP: 3/3
  1999 | D:2      | Noticed Robin
  2032 | D:2      | Killed Robin
  2128 | D:2      | Reached XP level 5. HP: 39/47 MP: 4/4
  2136 | D:2      | Reached skill level 5 in Axes
  2142 | D:2      | Reached skill level 5 in Fighting
  2687 | D:2      | Noticed Natasha
  2693 | D:2      | Killed Natasha
  2877 | D:2      | Noticed Natasha
  2888 | D:2      | Killed Natasha
  3100 | D:2      | Found a runed translucent door.
  3101 | D:2      | Noticed Crazy Yiuf
  3107 | D:2      | Killed Crazy Yiuf
  3386 | D:3      | Reached *** piety under Trog
  3387 | D:3      | Reached XP level 6. HP: 56/56 MP: 5/5
  3530 | D:3      | Found a blossoming altar of Fedhas.
  3556 | D:3      | Noticed an oklob plant
  3957 | D:3      | Reached skill level 1 in Staves
  3960 | D:3      | Reached skill level 1 in Maces & Flails
  4284 | D:4      | Found a hazy altar of Hepliaklqana.
  4423 | D:4      | Upgraded the game from 0.29.0-5-ge4962eb29e to
                  | 0.29.0-13-gc9e81de378
  4467 | D:4      | Reached skill level 1 in Stealth
  4569 | D:4      | Noticed a shapeshifter
  4569 | D:4      | an orc wizard changed into a shapeshifter
  4569 | D:4      | Noticed a hornet
  4569 | D:4      | a shapeshifter changed into a hornet
  4570 | D:4      | Noticed a redback
  4570 | D:4      | a hornet changed into a redback
  4574 | D:4      | Killed a redback
  4575 | D:4      | Succumbed to a redback's poison

Illustrated notes

Levels and vault maps discovered:
D:1:      matt_arrival_los_fun, layout_basic,
          ebering_ecumenical_altar_petrified, glass_columns_b,
          minmay_misc_feat_room
D:2:      layout_loops_corners, minmay_misc_feat_five, uniq_natasha,
          uniq_crazy_yiuf_cottage, uniq_robin
D:3:      layout_rooms, tgw_fedhas, minmay_fractal_squares_5
D:4:      nicolae_cairo_tiling, layout_cave_pools,
          nicolae_hepliaklqana_hippocampus, chequers_serial_rivers_room_a

Skill      XL: |  1  2  3  4  5  6 |
---------------+-------------------+-----
Fighting       | 4 5 |  5.3
Axes           | 4 5 |  5.3
Armour         | 3 4 |  4.9
Staves         | 3 |  3.0
Maces & Flails | 1 |  1.0
Stealth        | 1 |  1.4
Dodging        | 3 |  3.0

Action                   |  1- 3 |  4- 6 || total
-------------------------+-------+-------++-------
Melee: Hand axe          |    58 |    37 ||    95
       Headbutt          |     9 |    26 ||    35
       Mace              |       |    36 ||    36
       Punch             |       |     3 ||     3
       Quarterstaff      |       |    61 ||    61
 Stab: Sleeping          |       |     6 ||     6
Armor: Animal skin       |     5 |       ||     5
       Chain mail        |     9 |    55 ||    64
       Shadow dragon sca |       |    31 ||    31
Dodge: Dodged            |    34 |    67 ||   101
